 Dungeon Crawl Stone Soup version 0.24.0-35-gdb84b6a5db (webtiles) character file.

Game seed: 12674621494127450173, levelgen mode: deterministic

117 Kobolds4U the Slasher (level 4, -1/35 HPs)
             Began as a Demonspawn Berserker on Nov 17, 2019.
             Was a Believer of Trog.
             Splashed by a jelly's acid (5 damage)
             ... on level 1 of the Dungeon.
             The game lasted 00:05:37 (2246 turns).

Kobolds4U the Slasher (Demonspawn Berserker)        Turns: 2246, Time: 00:05:37

Health: -1/35      AC:  7    Str: 17    XL:     4   Next: 71%
Magic:  4/4        EV:  4    Int:  8    God:    Trog [**....]
Gold:   61         SH:  7    Dex: 14    Spells: 3/3 levels left

rFire    . . .     SeeInvis .   a - +0 falchion
rCold    . . .     Gourm    .   e - +0 shield
rNeg     . . .     Faith    .   m - +0 chain mail (curse)
rPois    .         Spirit   .   (no helmet)
rElec    .         Reflect  .   o - +0 cloak
rCorr    .         Harm     .   (no gloves)
MR       .....                  (no boots)
Stlth    ..........             (no amulet)
HPRegen  0.11/turn              (no ring)
MPRegen  0.09/turn              (no ring)

@: corroded
A: slimy green scales 1
a: Berserk, Trog's Hand, Renounce Religion


You were on level 1 of the Dungeon.
You worshipped Trog.
Trog was pleased with you.
You were hungry.

You visited 1 branch of the dungeon, and saw 2 of its levels.

You collected 61 gold pieces.

Inventory:

Hand Weapons
 a - a +0 falchion (weapon)
Armour
 e - a +0 shield (worn)
 m - a cursed +0 chain mail (worn)
 o - a +0 cloak (worn)
Scrolls
 d - a scroll of amnesia {unknown}
 f - a scroll of remove curse {unknown}
 g - 2 scrolls of magic mapping {unknown}
 h - 4 scrolls of identify {unknown}
 i - a scroll of immolation {unknown}
Potions
 j - a potion of agility {unknown}
 l - a potion of cancellation {unknown}
 n - a potion of brilliance {unknown}
Comestibles
 c - 6 rations
 k - 4 chunks of flesh


   Skills:
 - Level 3.0 Fighting
 + Level 5.0 Long Blades
 - Level 1.7 Armour
 - Level 1.7 Dodging


You had 3 spell levels left.
You didn't know any spells.
Your spell library was empty.

Dungeon Overview and Level Annotations

Branches:
Dungeon (2/15)

Altars:
Uskayaw
Wu Jian


Innate Abilities, Weirdness & Mutations

You are partially covered in slimy green scales. (AC +2)


Message History

Some of the chunks of flesh in your inventory have rotted away.
There is an escape hatch in the ceiling here.
The jelly hits you but does no damage. A mysterious force pulls you upwards.
The hatch slams shut behind you.
You are feeling hungry.
Things that are here:
a +0 club x2; a cursed +0 dagger You hit the jelly but do no damage.
Your hands burn!
* * * LOW HITPOINT WARNING * * *
The jelly is lightly wounded.
The jelly hits you but does no damage.
You hit the jelly.
Your hands burn!
* * * LOW HITPOINT WARNING * * *
The jelly is heavily wounded.
The jelly hits you but does no damage.
Your shield and chain mail prevent you from hitting the jelly.
The jelly is heavily wounded.
You block the jelly's attack. x2
You hit the jelly. The acid corrodes you!
Your hands burn!
You die...

################
###########..............#
#.........#.....########.#
#.........#.....# #.#
#.........#.....# ####.#####
##.........#...### #....#.(.#
##.........##.########.#....#.#
...............J@..>...#>...#.#
...........##.#####.####....#.#
.....########)......# #.##.#.#
.....##.............# #....#.#
.....##.............# ###..#.#
.....##.............# #..#.#
#######.......#####.# #..#.###
#.......# #.# #..#....
######### #.# #..#####


You could see a jelly.

Vanquished Creatures
  A jelly (D:2)
  2 adders (D:2)
  3 oozes (D:2)
  A worm (D:2)
  A dart slug (D:2)
  A leopard gecko (D:1)
  3 bats
  4 giant cockroaches
  3 goblins
  4 hobgoblins
  6 jackals (D:2)
  11 kobolds
  4 frilled lizards
  4 rats
48 creatures vanquished.

Vanquished Creatures (others)
  3 fungi (D:2)
  7 toadstools (D:2)
10 creatures vanquished.

Grand Total: 58 creatures vanquished

Notes
Turn   | Place    | Note
-------+----------+-------------------------------------------
     0 | D:1      | Kobolds4U the Demonspawn Berserker began the quest for the
                  | Orb.
     0 | D:1      | Reached XP level 1. HP: 18/18 MP: 1/1
   322 | D:1      | Reached skill level 3 in Long Blades
   568 | D:1      | Gained mutation: You are partially covered in slimy green
                  | scales. (AC +2) [demonic ancestry]
   568 | D:1      | Reached XP level 2. HP: 24/24 MP: 2/2
  1220 | D:2      | Reached XP level 3. HP: 14/29 MP: 3/3
  1403 | D:2      | Reached skill level 4 in Long Blades
  1787 | D:2      | Noticed a +0 dagger
  1787 | D:2      | Noticed a +0 dagger
  1789 | D:2      | Found a hide-covered altar of Uskayaw.
  1806 | D:2      | Reached ** piety under Trog
  1918 | D:2      | Found an ornate altar of the Wu Jian Council.
  2073 | D:2      | Reached XP level 4. HP: 34/35 MP: 4/4
  2194 | D:2      | Reached skill level 5 in Long Blades
  2246 | D:1      | Splashed by a jelly's acid

Levels and vault maps discovered:
D:1:      dpeg_arrival_circle_labyrinth_c, layout_basic
D:2:      cheibrodos_fertilizer, layout_loops_ring, overflow_temple_1_default,
          dancing_weapons_uskayaw, serial_glass, glass_columns_a,
          glass_columns_a, minivault_5

Skill      XL: |  1  2  3  4 |
---------------+-------------+-----
Long Blades    | 3 4 5 |  5.0
Fighting       | |  3.0
Armour         | |  1.7
Dodging        | |  1.7

Action                   |  1- 3 |  4- 6 || total
-------------------------+-------+-------++-------
Melee: Falchion          |   139 |    39 ||   178
Invok: Berserk           |     1 |       ||     1
  Eat: Chunk             |     5 |       ||     5
Armor: Animal skin       |    24 |       ||    24
       Chain mail        |    51 |    20 ||    71
Dodge: Dodged            |    42 |     4 ||    46
Block: Shield            |    56 |    15 ||    71
       Rpst.: Falchion   |    19 |     1 ||    20
